 Dungeon Crawl Stone Soup version 0.30-a0-591-g3c58d2bc28 (webtiles) character file.

Game seed: 15460103483071050293

112 purpskrrrp the Ruffian (level 4, -4/42 HPs)
             Began as a Troll Transmuter on Jan 6, 2023.
             Slain by a kobold
             ... wielding a +0 whip of electrocution
              (14 damage)
             ... on level 3 of the Dungeon.
             The game lasted 00:01:42 (1657 turns).

purpskrrrp the Ruffian (Troll Transmuter)           Turns: 1657, Time: 00:01:42

Health: -4/42      AC:  4    Str: 20    XL:     4   Next: 64%
Magic:  4/5        EV: 10    Int:  9    God:
Gold:   164        SH:  0    Dex: 10    Spells: 5/6 levels left

rFire   . . .      SeeInvis .      - Unarmed
rCold   . . .      Faith    .    (no shield)
rNeg    . . .      Spirit   .    a - +0 robe
rPois   .          Reflect  .    (helmet currently unavailable)
rElec   .          Harm     .    (no cloak)
rCorr   .          Rampage  .    (gloves unavailable)
Will    .....                    (boots unavailable)
Stlth   +                        (no amulet)
HPRegen 1.07/turn                (no ring)
MPRegen 0.09/turn                (no ring)

@: appendages (expiring)
A: horns 2, talons 2, large, unfitting armour, claws 3, regeneration 1, shaggy
fur 1, tough skin 1
a: End Transformation


You were on level 3 of the Dungeon.
You had temporarily grown beastly horns and talons.
You visited 1 branch of the dungeon, and saw 3 of its levels.

You collected 164 gold pieces.

Inventory:

Armour
 a - a +0 robe (worn)
Scrolls
 c - 5 scrolls of identify {unknown}
 d - 2 scrolls of immolation {unknown}
 e - a scroll of enchant armour {unknown}
 f - a scroll of magic mapping {unknown}
 g - a scroll of fog {unknown}
 h - 2 scrolls of teleportation {unknown}
 i - a scroll of amnesia {unknown}
Potions
 b - a potion of lignification
 j - a potion of ambrosia {unknown}
 k - a potion of might {unknown}
 l - a potion of resistance {unknown}


   Skills:
 + Level 1.7 Fighting
 + Level 2.3 Dodging
 + Level 3.6 Unarmed Combat
 + Level 1.7 Spellcasting
 + Level 2.0 Transmutations


You had 5 spell levels left.
You knew the following spells:

 Your Spells              Type           Power      Damage    Failure   Level
a - Beastly Appendage     Tmut           8%         N/A       16%         1

Your spell library contained the following spells:

 Spells                   Type           Power      Damage    Failure   Level
 Wereblood                Tmut           4%         N/A       22%         2
 Apportation              Tloc           0%         N/A       34%         1
 Spider Form              Tmut/Pois      2%         N/A       56%         3
 Ice Form                 Ice/Tmut       2%         N/A       92%         4
 Alistair's Intoxication  Tmut/Pois      1%         N/A       99%         5


Dungeon Overview and Level Annotations

Branches:
Dungeon (3/15)

Altars:
Dithmenos


Innate Abilities, Weirdness & Mutations

You have temporarily grown beastly horns and talons.
You are too large for most types of armour.
You have claws for hands.
Your natural rate of healing is unusually fast.
You are covered in fur. (AC +1)
You have tough skin. (AC +1)


Message History

No target in view!
No target in view!
No target in view!
No target in view!
No target in view!
No target in view!
No target in view!
No target in view!
No target in view!
No target in view!
No target in view!
No target in view!
No target in view!
No target in view!
No target in view!
As you open the door, it creaks loudly!
An ogre and a kobold come into view.
The ogre shouts!
The kobold shouts!
Found a book of Cantrips and 10 gold pieces.
There are monsters nearby!
You grow a pair of large bovine horns.
Your feet morph into talons.
A kobold comes into view.
It is wielding a +0 whip of electrocution.
Your transformation is almost over.
The kobold shouts!
The kobold closely misses you.
There is an open door here.
You barely miss the kobold. You claw the kobold.
You kill the kobold!
The ogre hits you with a +0 giant club!
Things that are here:
a +0 dagger; 4 stones You barely miss the ogre.
You scratch the ogre.
The ogre is moderately wounded.
The ogre hits you with a +0 giant club!!
* * * LOW HITPOINT WARNING * * *
The kobold hits you with a +0 whip of electrocution.
* * * LOW HITPOINT WARNING * * *
You are electrocuted!
You die...

.[...#.. .....#.. ......
##### ### #..† ##...##
...# #...
#.....#####.....#. #...
#..#.†...†...# #..# #...
#.....##'##.....#..# #..#
##...##.@.# ..##..###†.#
##.##.KO..# ##.......#.
#.#.......# #....#.###.
#.#...:..$# #......###.
#.#.......# #.>.)......
##.##.....##.##.........
##...##...##...##.#######
#.....#####.....#.#
#..#..).†....# #.#


You could see an ogre and a kobold.

Vanquished Creatures
  4 adders
  2 dart slugs
  5 orcs (D:3)
  7 bats
  9 endoplasms
  3 giant cockroaches
  3 goblins
  2 hobgoblins (D:1)
  3 jackals (D:1)
  5 kobolds
  5 quokkas
  7 ball pythons
  3 frilled lizards
  3 rats
61 creatures vanquished.

Notes
Turn   | Place    | Note
-------+----------+-------------------------------------------
     0 | D:1      | purpskrrrp the Troll Transmuter began the quest for the
                  | Orb.
     0 | D:1      | Reached XP level 1. HP: 18/18 MP: 1/1
   212 | D:1      | Reached skill level 1 in Fighting
   219 | D:1      | Reached XP level 2. HP: 27/27 MP: 3/3
   790 | D:2      | Reached XP level 3. HP: 33/33 MP: 4/4
   974 | D:2      | Found a shadowy altar of Dithmenos.
  1362 | D:3      | Reached XP level 4. HP: 41/41 MP: 5/5
  1651 | D:3      | Noticed an ogre
  1657 | D:3      | Slain by a kobold

Illustrated notes

Levels and vault maps discovered:
D:1:      nagdon_arrival_zigzag_paths, layout_basic, minmay_strange_pillars,
          st_stairs_9, minmay_misc_feat_chi
D:2:      layout_basic, basic_altar
D:3:      minmay_octagon_keep, layout_basic

Skill      XL: |  1  2  3  4 |
---------------+-------------+-----
Fighting       | 1 |  1.7
Dodging        | 2 |  2.3
Transmutations | 2 |  2.0
Unarmed Combat | |  3.6
Spellcasting   | |  1.7

Action                   |  1- 3 |  4- 6 || total
-------------------------+-------+-------++-------
Melee: Unarmed           |   105 |    44 ||   149
       Punch             |     2 |     5 ||     7
       Kick              |       |     2 ||     2
       Headbutt          |       |     2 ||     2
 Cast: Beastly Appendage |       |     5 ||     5
 Stab: Sleeping          |     1 |       ||     1
Armor: Robe              |    51 |     9 ||    60
Dodge: Dodged            |    76 |    23 ||    99

Table legend: (Time is in decaauts)
 A = Elapsed time spent in this place.
 B = Non-inter-level travel time spent in this place.
 C = Inter-level travel time spent in this place.
 D = Time resting spent in this place.
 E = Time spent auto-exploring this place.
 F = Levels seen in this place.
 G = Mean time per level.
                   A        B        C        D        E       F      G
               +--------+--------+--------+--------+--------+-----+--------+
         Total |   1647 |   1603 |     44 |      0 |   1308 |   3 |  549.0 |
       Dungeon |   1647 |   1603 |     44 |      0 |   1308 |   3 |  549.0 |
               +--------+--------+--------+--------+--------+-----+--------+

Top non-repeatable levels by time:
     D:1: 706 daAuts
     D:2: 559 daAuts
     D:3: 381 daAuts
